 Dungeon Crawl Stone Soup version 0.31-a0-826-ga5cc291a1b (webtiles) character file.

Game seed: 262132748173431270

189 qw the Shooter (level 5, -5/32 HPs)
             Began as a Gargoyle Hunter on Sept 23, 2023.
             Slain by an ogre
             ... wielding a +0 giant spiked club
              (35 damage)
             ... on level 4 of the Dungeon.
             The game lasted 00:01:07 (3298 turns).

qw the Shooter (Gargoyle Hunter)                    Turns: 3298, Time: 00:01:08

Health: -5/32      AC:  9    Str: 15    XL:     5   Next: 68%
Magic:  5/5        EV: 16    Int:  9    God:
Gold:   146        SH:  0    Dex: 15    Spells: 4/4 levels left

rFire   . . .        Y - +0 shortbow
rCold   . . .        (shield currently unavailable)
rNeg    + . .        i - +0 ring mail
rPois   inf          (no helmet)
rElec   +            (no cloak)
rCorr   .            (no gloves)
SInv    .            (no boots)
Will    .....        (no amulet)
Stlth   +            m - +5 ring of evasion
HPRegen 0.25/turn    (no ring)
MPRegen 0.09/turn

%: no passive effects
@: no status effects
A: sickness immunity, AC +4, negative energy resistance 1, electricity
resistance, torment resistance 1, petrification resistance
a: no special abilities


You were on level 4 of the Dungeon.
You visited 1 branch of the dungeon, and saw 4 of its levels.

You collected 146 gold pieces.


Innate Abilities, Weirdness & Mutations

You are immune to sickness and miasma.
Your stone body is resilient. (AC +4)
You are immune to poison.
You resist negative energy. (rN+)
You are resistant to electric shocks. (rElec)
You are resistant to unholy torment.
You are immune to petrification.


   Skills:
 + Level 3.4 Fighting
 - Level 6.0 Ranged Weapons
 - Level 1.5 Armour
 - Level 1.5 Dodging
 - Level 1.1 Stealth


You had 4 spell levels left.
You didn't know any spells.
Your spell library was empty.

Inventory:

Hand Weapons
 Y - a +0 shortbow (weapon)
Armour
 h - a +0 helmet
 i - a +0 ring mail (worn)
Jewellery
 b - a ring of fire
 k - an amulet of guardian spirit
 m - a +5 ring of evasion (left hand)
Potions
 a - a potion of might
 c - a potion of berserk rage {unknown}
 d - a potion of invisibility {unknown}
 e - a potion of enlightenment {unknown}
 f - a potion of ambrosia {unknown}
 g - 3 potions of curing
 j - a potion of mutation {unknown}

Dungeon Overview and Level Annotations

Branches:
Dungeon (4/15)
 Temple: D:4-7

Altars:
Trog

Shops:
D:2 :


Message History

3281 ||| FLEEEEING.
You shoot an arrow. You shoot an arrow. The arrow barely misses the ogre.
You hear some strange, mumbled words.
A magic dart appears from out of thin air!
The magic dart hits you.
3284 ||| FLEEEEING.
3285 ||| FLEEEEING.
3286 ||| FLEEEEING.
3287 ||| FLEEEEING.
3288 ||| FLEEEEING.
Something closely misses you.
3289 ||| FLEEEEING.
3290 ||| FLEEEEING.
3291 ||| FLEEEEING.
3292 ||| FLEEEEING.
An orc wizard appears from thin air!
Reactivating autopickup.
Enter note: You shoot an arrow.
The arrow closely misses the orc wizard.
The orc wizard hits you but does no damage.
The orc wizard closely misses you.
You shoot an arrow. The arrow hits the orc wizard.
The orc wizard is heavily wounded.
The orc wizard hits you but does no damage.
You shoot an arrow. The arrow hits the orc wizard!
You kill the orc wizard!
You shoot an arrow. The arrow hits the ogre.
The ogre is heavily wounded.
The ogre misses you.
You shoot an arrow.
The arrow hits the ogre but does no damage.
The ogre is heavily wounded.
The ogre misses you.
You shoot an arrow. The arrow hits the ogre!
The ogre is severely wounded.
The ogre hits you with a +0 giant spiked club!!
Ouch! That really hurt!
You die...

......# ### ......# #####..
......# #...#.. ......# #.#.#..
....%.# #.#.#.. ......# #.#.#..
......# #.#.... ####.####
######### #.#.### .....o..#
#.oO@...# #.#..<#
.....##.#####.#####.#######.#...#
.....##.o.....................>..
.....#####....#####.#######.#..##
.....#####'#### #..............
....).........# ############.##
..............# #.#
###.#.........# #.. #.#.........#
#...


You could see an ogre and an orc.

Vanquished Creatures
  Terence (D:2)
  Natasha (D:3)
  An orc wizard (D:4)
  4 adders
  3 worms
  4 dart slugs
  6 orcs
  7 ball pythons
  3 bats
  An endoplasm (D:3)
  2 giant cockroaches (D:3)
  7 goblins
  5 hobgoblins
  A jackal (D:3)
  A quokka (D:3)
  A frilled lizard (D:3)
  7 kobolds
  3 rats
58 creatures vanquished.

Notes
Turn   | Place    | Note
-------+----------+-------------------------------------------
     0 | D:1      | qw the Gargoyle Hunter began the quest for the Orb.
     0 | D:1      | Reached XP level 1. HP: 12/12 MP: 1/1
     0 | D:1      | 0 ||| qw: Version: 0.3-a-83-gcd0e7d8
     0 | D:1      | 0 ||| qw: Game counter: 1855
     0 | D:1      | 0 ||| qw: Melee chars always use a shield: true
     0 | D:1      | 0 ||| qw: God list: Okawaru
     0 | D:1      | 0 ||| qw: Allow faded altars: false
     0 | D:1      | 0 ||| qw: Do Orc after clearing Dungeon:15 true
     0 | D:1      | 0 ||| qw: Do second Lair branch before Depths: true
     0 | D:1      | 0 ||| qw: Lair rune preference: random
     0 | D:1      | 0 ||| qw: Goals: Normal
     0 | D:1      | 0 ||| PLANNING D:1-11
   469 | D:1      | Reached XP level 2. HP: 17/17 MP: 2/2
   717 | D:1      | 717 ||| DROPPING ring of magical power.
   718 | D:1      | 718 ||| UPGRADING to +5 ring of evasion.
   719 | D:1      | 719 ||| READING scroll labelled IFUW BEOTIH.
   720 | D:1      | 720 ||| READING scroll labelled LOEKHL LAGOJOAN.
   721 | D:1      | 721 ||| READING scroll labelled PETIGO FACAS.
   822 | D:1      | 822 ||| READING scroll labelled KUNNOL COZA.
   823 | D:1      | 823 ||| DRINKING 2 pink potions.
   824 | D:1      | 824 ||| DROPPING scroll of butterflies.
  1202 | D:2      | Noticed Terence
  1217 | D:2      | HP: 2/17 [Terence/+0 hand axe (5)]
  1218 | D:2      | 1218 ||| DRINKING potion of heal wounds.
  1222 | D:2      | HP: 2/17 [goblin/+0 club (3)]
  1224 | D:2      | Killed Terence
  1225 | D:2      | Reached skill level 5 in Ranged Weapons
  1225 | D:2      | Reached XP level 3. HP: 4/21 MP: 3/3
  1342 | D:2      | Found Ishri's Book Emporium.
  1735 | D:2      | 1735 ||| READING scroll labelled ZIODWOITOE.
  1736 | D:2      | 1736 ||| READING scroll labelled XOCROA MIOPRYU.
  1910 | D:3      | 1910 ||| Stepping ~*~*~tactically~*~*~ (water).
  1914 | D:3      | Reached XP level 4. HP: 27/27 MP: 4/4
  1921 | D:3      | Reached skill level 3 in Fighting
  2177 | D:3      | 2177 ||| FLEEEEING.
  2182 | D:3      | 2182 ||| FLEEEEING.
  2183 | D:3      | 2183 ||| FLEEEEING.
  2184 | D:3      | 2184 ||| FLEEEEING.
  2391 | D:3      | Found a faded altar of an unknown god.
  2694 | D:3      | Found a bloodstained altar of Trog.
  2827 | D:3      | 2827 ||| UPGRADING to +0 ring mail.
  2837 | D:3      | 2837 ||| DROPPING +0 leather armour.
  2838 | D:3      | 2838 ||| READING scroll labelled JIHIQU KEBIL.
  2839 | D:3      | 2839 ||| DRINKING 2 bubbling golden potions.
  2840 | D:3      | 2840 ||| DRINKING 3 amethyst potions.
  2885 | D:4      | Noticed Natasha
  2892 | D:4      | 2892 ||| STAIRDANCE
  2900 | D:3      | Killed Natasha
  2901 | D:3      | Reached skill level 1 in Armour
  2901 | D:3      | Reached XP level 5. HP: 10/32 MP: 5/5
  3247 | D:4      | Reached skill level 6 in Ranged Weapons
  3261 | D:4      | Noticed an ogre
  3262 | D:4      | 3262 ||| RETREEAATING.
  3264 | D:4      | 3264 ||| RETREEAATING.
  3271 | D:4      | 3271 ||| FLEEEEING.
  3272 | D:4      | 3272 ||| FLEEEEING.
  3273 | D:4      | 3273 ||| FLEEEEING.
  3274 | D:4      | 3274 ||| FLEEEEING.
  3275 | D:4      | 3275 ||| FLEEEEING.
  3276 | D:4      | 3276 ||| FLEEEEING.
  3277 | D:4      | 3277 ||| FLEEEEING.
  3278 | D:4      | 3278 ||| FLEEEEING.
  3279 | D:4      | 3279 ||| FLEEEEING.
  3280 | D:4      | 3280 ||| FLEEEEING.
  3281 | D:4      | 3281 ||| FLEEEEING.
  3284 | D:4      | 3284 ||| FLEEEEING.
  3285 | D:4      | 3285 ||| FLEEEEING.
  3286 | D:4      | 3286 ||| FLEEEEING.
  3287 | D:4      | 3287 ||| FLEEEEING.
  3288 | D:4      | 3288 ||| FLEEEEING.
  3289 | D:4      | 3289 ||| FLEEEEING.
  3290 | D:4      | 3290 ||| FLEEEEING.
  3291 | D:4      | 3291 ||| FLEEEEING.
  3292 | D:4      | 3292 ||| FLEEEEING.
  3298 | D:4      | Slain by an ogre

Levels and vault maps discovered:
D:1:      dpeg_arrival_three_smaller_balls, layout_basic, roderic_lattice_a,
          hangedman_abyss_or_decor_stabs
D:2:      layout_basic, serial_shops, nicolae_shop_tiny_real_fake_doors,
          kennysheep_nub, nicolae_the_louvre, uniq_terence
D:3:      minmay_angry_zag, layout_basic, trog_antimagical, serial_rivers,
          chequers_serial_rivers_large_a, chequers_serial_rivers_micro_a,
          chequers_serial_rivers_room_a, chequers_serial_rivers_room_b,
          chequers_serial_rivers_large_b, shapermc_ecumenical_altar_mp_vishouse,
          grunt_ministairs_10, skrybe_limestone_x, minmay_ruptured
D:4:      layout_basic, nicolae_shop_i_like_big_books, uniq_natasha

Skill      XL: |  1  2  3  4  5 |
---------------+----------------+-----
Ranged Weapons | 5 6 |  6.0
Fighting       | 3 |  3.4
Armour         | 1 |  1.5
Dodging        | |  1.5
Stealth        | |  1.1

Action                     |  1- 3 |  4- 6 || total
---------------------------+-------+-------++-------
   Fire: Shortbow          |    88 |   152 ||   240
    Use: Scroll            |     6 |     1 ||     7
         Potion            |     2 |     2 ||     4
 Armour: Leather armour    |    26 |    16 ||    42
         Ring mail         |       |    25 ||    25
  Dodge: Dodged            |    36 |    55 ||    91

Table legend:
 A = Non-vault XP
 B = Vault XP
 C = Vault XP percentage of total XP
 D = Non-vault monster count
 E = Vault monster count
 F = Vault count percentage of total count
                 A         B        C        D         E       F
            +---------+---------+-------+---------+---------+-------
      Total |     170 |     101 |  37.3 |      47 |      11 |  19.0
            +---------+---------+-------+---------+---------+-------
        D:1 |      16 |       0 |   0.0 |       9 |       0 |   0.0
        D:2 |      19 |      36 |  65.5 |       5 |       1 |  16.7
        D:3 |      46 |      65 |  58.6 |      20 |      10 |  33.3
        D:4 |      89 |       0 |   0.0 |      13 |       0 |   0.0
            +---------+---------+-------+---------+---------+-------
